 Dungeon Crawl Stone Soup version 0.27-a0-96-gb51a1d6fd6 (webtiles) character file.

Game seed: 4145933099418019208

733 Essalna the Magician (level 7, -6/36 HPs)
             Began as a Deep Elf Air Elementalist on Jan 20, 2021.
             Was a Follower of Vehumet.
             Killed by miscasting Airstrike (9 damage)
             ... on level 5 of the Dungeon.
             The game lasted 00:11:59 (5616 turns).

Essalna the Magician (Deep Elf Air Elementalist)    Turns: 5616, Time: 00:12:00

Health: -6/36      AC:  4    Str:  5    XL:     7   Next: 45%
Magic:  12/20      EV: 13    Int: 22    God:    Vehumet [*.....]
Gold:   392        SH:  0    Dex: 15    Spells: 14/21 levels left

rFire    . . .     SeeInvis +   E - +2 whip (venom)
rCold    . . .     Faith    .   (no shield)
rNeg     . . .     Spirit   .   a - +0 robe
rPois    .         Reflect  .   G - +0 helmet of Gipsam {Will++ rCorr SInv Stlth-}
rElec    .         Harm     .   (no cloak)
rCorr    +         Rampage  .   p - +0 pair of gloves
Will     +++..                  (no boots)
Stlth    ..........             (no amulet)
HPRegen  0.12/turn              g - ring of attention
MPRegen  0.17/turn              q - ring of willpower

@: very slightly contaminated
A: no striking features
a: Renounce Religion


You were on level 5 of the Dungeon.
You worshipped Vehumet.
Vehumet was aware of your devotion.
You visited 2 branches of the dungeon, and saw 6 of its levels.
You also visited: Sewer.

You collected 392 gold pieces.

Inventory:

Hand Weapons
 b - a +0 spear
 n - a -3 hand axe
 E - a +2 whip of venom (weapon)
Armour
 a - a +0 robe (worn)
 p - a +0 pair of gloves (worn)
 G - the +0 helmet of Gipsam (worn) {Will++ rCorr SInv Stlth-}
   (You found it on level 5 of the Dungeon)

   It affects your willpower, your defense against some magical effects.
   It lets you see invisible.
   It provides partial protection from all sources of acid and corrosion.
   It makes you less stealthy.
Jewellery
 g - a ring of attention (left hand)
 q - a ring of willpower (right hand)
 C - an uncursed ring of ice
Wands
 B - a wand of random effects (16)
Scrolls
 c - 2 scrolls of teleportation
 e - 6 scrolls of identify
 f - 3 scrolls of remove curse
 i - 2 scrolls of amnesia
 l - a scroll of noise
 u - a scroll of random uselessness {unknown}
 y - a scroll of fog {unknown}
 F - 2 scrolls of enchant armour {unknown}
Potions
 d - 3 potions of haste
 h - 3 potions of magic {unknown}
 j - 2 potions of berserk rage {unknown}
 m - 2 potions of heal wounds {unknown}
 o - 2 potions of might {unknown}
 r - a potion of resistance {unknown}
 t - 2 potions of mutation {unknown}
 v - 2 potions of lignification {unknown}
 w - 6 potions of curing {unknown}
 x - a potion of degeneration {unknown}
 z - a potion of ambrosia {unknown}
 A - 2 potions of brilliance {unknown}
 D - a potion of flight {unknown}


   Skills:
 - Level 2.4 Dodging
 - Level 2.4 Stealth
 + Level 7.8 Spellcasting
 - Level 3.0 Conjurations
 + Level 6.2 Air Magic


You had 14 spell levels left.
You knew the following spells:

 Your Spells              Type           Power        Failure   Level
a - Shock                 Conj/Air       100%         1%          1
b - Swiftness             Air            36%          1%          2
c - Airstrike             Air            18%          5%          4

Your spell library contained the following spells:

 Spells                   Type           Power        Failure   Level
 Magic Dart               Conj           84%          2%          1
 Static Discharge         Conj/Air       29%          3%          3
 Lightning Bolt           Conj/Air       14%          30%         5


Dungeon Overview and Level Annotations

Branches:
Dungeon (5/15)             Temple (1/1) D:4           Sewer (visited)

Altars:
Fedhas
Hepliaklqana
Nemelex Xobeh
Okawaru
Ru
Trog
Uskayaw
Vehumet
Yredelemnul


Message History

Casting: Shock (safe; 1% risk of failure)
Confirm with . or Enter, or press ? or * to list all spells.
The spell is quite dangerous to cast (5% risk of failure)!
Continue anyway?
Aiming: Airstrike (quite dangerous; 5% risk of failure)
Press: ? - help, Dir - move target, f - centaur
Aim: a centaur, wielding a +3 shortbow and quivering 14 arrows The air twists around and strikes the centaur!
The centaur is heavily wounded.
The centaur shoots an arrow.
The arrow hits you!
* * * LOW HITPOINT WARNING * * *
Casting: Airstrike (quite dangerous; 5% risk of failure)
Confirm with . or Enter, or press ? or * to list all spells.
The spell is quite dangerous to cast (5% risk of failure)!
Continue anyway?
Aiming: Airstrike (quite dangerous; 5% risk of failure)
Press: ? - help, Dir - move target, f/p - centaur
Aim: a centaur, wielding a +3 shortbow and quivering 13 arrows (heavily wounded)
You miscast Airstrike.
You are very lightly contaminated with residual magic.
Electricity courses through your body!
You die...

,,#...*#.................♣.♣....#
,..#!**#.##.......###.#...♣...#..
,.,#.**#..........# #...........#
,,,,,,,###........# ###########..
**,,,*,,..........# #..
,,,,,**###.#......# ##########..
,,,,,,,,...###########....##.....
,,,,****#..,,**#.....#.##.##.###.
,,,,+,,,+,,,,,*#@###...##.##.....
,,,,*****,,,,,*#.#*#.#.##........
,,,,**,,,,,,,,*#..#######........
,,,,**,**,***,,.....[......<..)..
,,,,**,**,*****##c#.###.#.#......
+*+***,,,,,,,,,,,.#.# #.#.#.#....
,*,* ****,****,**.#,# #.....#....
,*,* *,,,**,,,.#,* ###......#.
,>,* ***,**,****,****####.#...


You could see a centaur.

Vanquished Creatures
  Menkaure (D:5)
  An ogre (D:5)
  A phantom (D:5)
  A bullfrog (D:5)
  A centaur skeleton (D:5)
  A hound (D:3)
  An orc wizard (D:3)
  A worker ant (D:3)
  A hound zombie (D:5)
  8 adders
  4 river rats (D:5)
  An ufetubus (D:5)
  An ooze (D:1)
  3 worms
  5 dart slugs
  2 leopard geckos
  9 orcs (D:3)
  5 giant cockroaches
  6 goblins
  8 hobgoblins
  10 jackals
  A quokka (D:4)
  10 ball pythons
  7 bats
  4 frilled lizards
  23 kobolds
  9 rats
125 creatures vanquished.

Vanquished Creatures (others)
  17 plants (Sewer)
17 creatures vanquished.

Grand Total: 142 creatures vanquished

Notes
Turn   | Place    | Note
-------+----------+-------------------------------------------
     0 | D:1      | Essalna the Deep Elf Air Elementalist began the quest for
                  | the Orb.
     0 | D:1      | Reached XP level 1. HP: 10/10 MP: 6/6
   123 | D:1      | Reached XP level 2. HP: 15/15 MP: 5/8
   539 | D:1      | Reached XP level 3. HP: 19/19 MP: 2/10
  1214 | D:2      | Reached skill level 4 in Spellcasting
  1570 | D:2      | Found a hide-covered altar of Uskayaw.
  1597 | D:2      | Noticed a +0 dagger
  1598 | D:2      | Noticed a +0 hand axe
  1847 | D:2      | Reached XP level 4. HP: 24/24 MP: 8/12
  2550 | D:3      | Reached skill level 5 in Spellcasting
  2550 | D:3      | Reached XP level 5. HP: 24/28 MP: 7/14
  3216 | D:3      | Learned a level 2 spell: Swiftness
  3221 | D:3      | Learned a level 4 spell: Airstrike
  3222 | D:3      | Found a faded altar of an unknown god.
  3526 | D:3      | Found a hazy altar of Hepliaklqana.
  3911 | D:4      | Found a staircase to the Ecumenical Temple.
  3950 | Temple   | Entered the Ecumenical Temple
  4029 | Temple   | Became a worshipper of Vehumet
  4181 | D:4      | Found a blossoming altar of Fedhas.
  4380 | D:5      | Entered Level 5 of the Dungeon
  4380 | D:5      | Noticed an ogre
  4382 | D:5      | Killed an ogre
  4383 | D:5      | Reached skill level 6 in Spellcasting
  4383 | D:5      | Reached skill level 5 in Air Magic
  4383 | D:5      | Reached XP level 6. HP: 32/32 MP: 7/17
  4388 | D:5      | Got a transparent helmet
  4394 | D:5      | Identified the +0 helmet of Gipsam {Will++ rCorr SInv
                  | Stlth-} (You found it on level 5 of the Dungeon)
  4398 | D:5      | Noticed Menkaure
  4400 | D:5      | Killed Menkaure
  4432 | D:5      | Found an iron altar of Okawaru.
  4453 | D:5      | Reached skill level 7 in Spellcasting
  4453 | D:5      | Reached XP level 7. HP: 27/36 MP: 6/19
  4553 | D:5      | Found a glowing drain.
  4578 | Sewer    | Entered a sewer
  5202 | Sewer    | Reached * piety under Vehumet
  5202 | Sewer    | Offered knowledge of Magic Dart by Vehumet.
  5616 | D:5      | Killed by miscasting Airstrike

Illustrated notes

Levels and vault maps discovered:
D:1:      dpeg_arrival_rooms_c, layout_basic, chequers_serial_rivers_room_a
D:2:      layout_basic, dancing_weapons_uskayaw, kennysheep_decorative_pillar
D:3:      layout_basic, marbit_many_paths, chequers_ecumenical_altar_simple
D:4:      layout_basic, kennysheep_mini, minmay_temple_entry_steel_oval
D:5:      layout_basic, portal_sewer_entry_e, okawaru_trees_2, uniq_menkaure
Temple:   minmay_temple_forest_path

Skill      XL: |  1  2  3  4  5  6  7 |
---------------+----------------------+-----
Conjurations   | 2 3 |  3.0
Spellcasting   | 4 5 6 7 |  7.8
Air Magic      | 4 5 6 |  6.2
Dodging        | |  2.4
Stealth        | |  2.4

Action                   |  1- 3 |  4- 6 |  7- 9 || total
-------------------------+-------+-------+-------++-------
Melee: Spear             |     3 |       |       ||     3
       Hand axe          |       |     9 |       ||     9
       Whip              |       |     4 |    15 ||    19
 Cast: Shock             |    94 |   104 |    59 ||   257
       Airstrike         |       |     4 |     3 ||     7
  Use: Scroll            |       |     7 |       ||     7
Armor: Robe              |       |    14 |     5 ||    19
Dodge: Dodged            |     9 |    46 |    22 ||    77

Table legend: (Time is in decaauts)
 A = Elapsed time spent in this place.
 B = Non-inter-level travel time spent in this place.
 C = Inter-level travel time spent in this place.
 D = Time resting spent in this place.
 E = Time spent auto-exploring this place.
 F = Levels seen in this place.
 G = Mean time per level.
                   A        B        C        D        E       F      G
               +--------+--------+--------+--------+--------+-----+--------+
         Total |   5766 |   5488 |    278 |    234 |   4662 |   7 |  823.7 |
       Dungeon |   4507 |   4286 |    221 |      0 |   3763 |   5 |  901.4 |
        Temple |    137 |     80 |     57 |      0 |     77 |   1 |  137.0 |
         Sewer |   1121 |   1121 |      0 |    234 |    822 |   1 | 1121.0 |
               +--------+--------+--------+--------+--------+-----+--------+

Top non-repeatable levels by time:
     D:3: 1235 daAuts
     D:2: 1207 daAuts
     D:1: 1158 daAuts
   Sewer: 1121 daAuts
     D:4: 639 daAuts
     D:5: 267 daAuts
  Temple: 137 daAuts
